 Dungeon Crawl Stone Soup version 0.26-a0-1026-g544776af23 (webtiles) character file.

Game seed: 11348025078058172140

84 sahdkjhfkaj the Chopper (level 4, 0/40 HPs)
             Began as a Minotaur Berserker on Dec 9, 2020.
             Was a Believer of Trog.
             Slain by a goblin
             ... wielding a +0 club
             ... led by Robin
              (2 damage)
             ... on level 2 of the Dungeon.
             The game lasted 00:00:41 (1221 turns).

sahdkjhfkaj the Chopper (Minotaur Berserker)        Turns: 1221, Time: 00:00:41

Health: 0/40       AC:  2    Str: 23    XL:     4   Next: 24%
Magic:  3/3        EV: 12    Int:  4    God:    Trog [**....]
Gold:   81         SH:  0    Dex:  9    Spells: 3/3 levels left

rFire    . . .     SeeInvis .   a - +0 hand axe
rCold    . . .     Faith    .   (no shield)
rNeg     . . .     Spirit   .   b - +0 animal skin
rPois    .         Reflect  .   (helmet restricted)
rElec    .         Harm     .   (no cloak)
rCorr    .         Rampage  .   (no gloves)
Will     .....                  (no boots)
Stlth    +.........             (no amulet)
HPRegen  0.13/turn              (no ring)
MPRegen  0.08/turn              (no ring)

@: no status effects
A: retaliatory headbutt, horns 2
a: Berserk, Trog's Hand, Renounce Religion


You were on level 2 of the Dungeon.
You worshipped Trog.
Trog was pleased with you.
You visited 1 branch of the dungeon, and saw 2 of its levels.

You collected 81 gold pieces.

Inventory:

Hand Weapons
 a - a +0 hand axe (weapon)
Armour
 b - a +0 animal skin (worn)
Scrolls
 c - a scroll of identify {unknown}
 e - a scroll of magic mapping {unknown}
 f - a scroll of fog {unknown}
 g - a scroll of immolation {unknown}
 i - a scroll of remove curse {unknown}
Potions
 d - a potion of curing {unknown}
 h - a potion of haste {unknown}


   Skills:
 + Level 4.2 Fighting
 * Level 4.8 Axes
 + Level 3.2 Armour
 + Level 2.9 Dodging


You had 3 spell levels left.
You didn't know any spells.
Your spell library was empty.

Dungeon Overview and Level Annotations

Branches:
Dungeon (2/15)

Altars:

Annotations:
D:2 Robin


Innate Abilities, Weirdness & Mutations

You reflexively headbutt those who attack you in melee.
You have a pair of horns on your head.


Message History

The goblin hits you with a +0 club.
Unknown command.
You closely miss the goblin. You barely miss the hobgoblin.
You slash the frilled lizard!
You kill the frilled lizard!
Trog accepts your kill. Robin throws the goblin at you!
The hobgoblin hits you but does no damage.
The goblin hits you with a +0 club!
* * * LOW HITPOINT WARNING * * *
A goblin comes into view.
The goblin hits you with a +0 club.
* * * LOW HITPOINT WARNING * * *
You completely miss the goblin. You barely miss the hobgoblin.
You hit the hobgoblin.
You kill the hobgoblin!
Trog accepts your kill.
You hit the goblin.
Robin drinks a potion.
Robin suddenly seems more resistant.
The hobgoblin barely misses you. The goblin hits you with a +0 club.
You die...

...........g.
##....[....g.
......8...g
#....8.8.g####
##.#.8._.8g....
......8g8...... #
##...†8gg.....
##.####)...g@g......
.......)##.[g###....
##....)<##...### .
.......).##....#
##......††.....#
###....#.#....#
#.####$####.# #..
#.# .# #.# #.# .#


You could see Robin (resistant), 4 hobgoblins and 6 goblins.

Vanquished Creatures
  4 gnolls (D:2)
  An adder (D:2)
  An adder skeleton (D:2)
  A dart slug (D:2)
  7 hobgoblins
  6 kobolds
  3 bats
  2 frilled lizards
  3 goblins
  9 rats
37 creatures vanquished.

Notes
Turn   | Place    | Note
-------+----------+-------------------------------------------
     0 | D:1      | sahdkjhfkaj the Minotaur Berserker began the quest for the
                  | Orb.
     0 | D:1      | Reached XP level 1. HP: 19/19 MP: 0/0
   364 | D:1      | Reached XP level 2. HP: 22/27 MP: 1/1
  1127 | D:2      | Reached XP level 3. HP: 32/33 MP: 2/2
  1127 | D:2      | Found a faded altar of an unknown god.
  1129 | D:2      | Reached ** piety under Trog
  1138 | D:2      | Reached XP level 4. HP: 18/40 MP: 3/3
  1216 | D:2      | Noticed Robin
  1220 | D:2      | HP: 2/40 [goblin/+0 club[Robin] (4)]
  1221 | D:2      | Slain by a goblin

Illustrated notes

Levels and vault maps discovered:
D:1:      dpeg_arrival_round_a, layout_basic
D:2:      layout_rooms, chequers_ecumenical_altar_simple_redux,
          grunt_ministairs_10, st_stairs_6, uniq_robin

Skill      XL: |  1  2 |
---------------+-------+-----
Axes           | 4 |  4.8
Fighting       | 4 |  4.2
Armour         | 3 |  3.2
Dodging        | |  2.9

Action                   |  1- 3 |  4- 6 || total
-------------------------+-------+-------++-------
Melee: Hand axe          |    47 |    14 ||    61
       Headbutt          |     6 |     2 ||     8
Invok: Berserk           |     1 |       ||     1
Armor: Animal skin       |     9 |     3 ||    12
Dodge: Dodged            |    33 |     6 ||    39

Table legend: (Time is in decaauts)
 A = Elapsed time spent in this place.
 B = Non-inter-level travel time spent in this place.
 C = Inter-level travel time spent in this place.
 D = Time resting spent in this place.
 E = Time spent auto-exploring this place.
 F = Levels seen in this place.
 G = Mean time per level.
                   A        B        C        D        E       F      G
               +--------+--------+--------+--------+--------+-----+--------+
         Total |   1235 |   1212 |     23 |     40 |   1023 |   2 |  617.5 |
       Dungeon |   1235 |   1212 |     23 |     40 |   1023 |   2 |  617.5 |
               +--------+--------+--------+--------+--------+-----+--------+

Top non-repeatable levels by time:
     D:1: 1126 daAuts
     D:2: 108 daAuts
